 Dungeon Crawl Stone Soup version 0.28-a0-533-g9f97627e2a (webtiles) character file.

Game seed: 8027506173225969033

1776 Gargoyl the Skirmisher (level 9, -4/73 HPs)
             Began as a Gnoll Abyssal Knight on Sept 25, 2021.
             Was a Priest of Lugonu.
             Succumbed to a centaur's poison
             ... on level 9 of the Dungeon.
             The game lasted 00:08:36 (7984 turns).

Gargoyl the Skirmisher (Gnoll Abyssal Knight)       Turns: 7984, Time: 00:08:37

Health: -4/73      AC: 12    Str: 17      XL:     9   Next: 8%
Magic:  14/14      EV: 13    Int:  9      God:    Lugonu [***...]
Gold:   153        SH:  0    Dex: 17 (18) Spells: 15/15 levels left

rFire   . . .      SeeInvis .   h - +0 dagger (venom)
rCold   . . .      Faith    .   (no shield)
rNeg    . . .      Spirit   .   c - +0 chain mail
rPois   .          Reflect  .   i - +0 helmet
rElec   .          Harm     .   (no cloak)
rCorr   .          Rampage  .   g - +0 pair of gloves
Will    .....                   (no boots)
Stlth   ..........              (no amulet)
HPRegen 0.22/turn               k - +4 ring of evasion
MPRegen 0.14/turn               l - +6 ring of dexterity

@: lethally poisoned (-4 -> -27), studying Dodging
A: fangs 1, strong nose, distributed training
a: Renounce Religion, Depart the Abyss, Bend Space, Banish


You were on level 9 of the Dungeon.
You worshipped Lugonu.
Lugonu was most pleased with you.
You visited 1 branch of the dungeon, and saw 7 of its levels.
You visited the Abyss 2 times.

You collected 153 gold pieces.

Inventory:

Hand Weapons
 a - a +1 hand axe
 h - a +0 dagger of venom (weapon)
Missiles
 d - 19 poisoned darts (quivered)
 e - 9 javelins
Armour
 c - a +0 chain mail (worn)
 g - a +0 pair of gloves (worn)
 i - a +0 helmet (worn)
Jewellery
 j - a ring of protection from fire
 k - a +4 ring of evasion (left hand)
 l - a +6 ring of dexterity (right hand)
Wands
 f - a wand of polymorph (4)
Scrolls
 r - a scroll of blinking
 s - a scroll of identify
Potions
 b - a potion of magic
 n - a potion of flight


   Skills:
 + Level 7.7 Fighting
 + Level 3.9 Short Blades
 + Level 3.9 Long Blades
 + Level 6.1 Axes
 + Level 3.9 Maces & Flails
 + Level 3.9 Polearms
 + Level 3.9 Staves
 + Level 3.9 Slings
 + Level 3.9 Bows
 + Level 3.9 Crossbows
 + Level 3.9 Throwing
 + Level 6.1 Armour
 + Level 5.1 Dodging
 + Level 3.9 Stealth
 + Level 3.9 Shields
 + Level 3.9 Unarmed Combat
 + Level 3.9 Spellcasting
 + Level 3.2 Conjurations
 + Level 3.2 Hexes
 + Level 3.2 Summonings
 + Level 3.2 Necromancy
 + Level 3.2 Translocations
 + Level 3.2 Transmutations
 + Level 3.2 Fire Magic
 + Level 3.2 Ice Magic
 + Level 3.2 Air Magic
 + Level 3.2 Earth Magic
 + Level 3.2 Poison Magic
 + Level 6.3 Invocations
 + Level 3.9 Evocations


You had 15 spell levels left.
You didn't know any spells.
Your spell library contained the following spells:

 Spells                   Type           Power      Damage    Failure   Level
 Sting                    Tmut/Pois      28%        1d4       65%         1
 Blink                    Tloc           N/A        N/A       80%         2
 Corpse Rot               Necr/Air       N/A        N/A       80%         2
 Poisonous Vapours        Pois/Air       14%        N/A       80%         2
 Olgreb's Toxic Radiance  Pois           7%         N/A       100%        4
 Manifold Assault         Tloc           7%         N/A       100%        5
 Storm Form               Tmut/Air       3%         N/A       100%        7


Dungeon Overview and Level Annotations

Branches:
Dungeon (9/15)             Temple (0/1) D:4
   Lair: D:8-11         Orc: D:9-12

Altars:
Ashenzari
Fedhas
Gozag
Hepliaklqana
Qazlal
Xom

Shops:
D:3 [

Annotations:
D:8 Psyche


Innate Abilities, Weirdness & Mutations

You have very sharp teeth.
Your uncanny sense of smell can sniff out nearby items.
Your experience applies equally to all skills.


Message History

The centaur is lightly wounded.
You feel very sick.
The centaur hits you with a +2 scythe of venom!
You are lethally poisoned!
The centaur kicks you but does no damage.
Unknown command.
Okay, then.
You hit the centaur but do no damage.
The centaur looks as sick as possible!
Your bite misses the centaur.
The centaur is lightly wounded.
* * * LOW HITPOINT WARNING * * *
You feel very sick.
The centaur hits you with a +2 scythe of venom.
* * * LOW HITPOINT WARNING * * *
You are more poisoned.
The centaur closely misses you.
You hit the centaur.
The centaur looks as sick as possible!
Your bite misses the centaur.
The centaur is heavily wounded.
* * * LOW HITPOINT WARNING * * *
You feel very sick.
The centaur hits you with a +2 scythe of venom.
* * * LOW HITPOINT WARNING * * *
The centaur misses you.
You closely miss the centaur.
The centaur is severely wounded.
* * * LOW HITPOINT WARNING * * *
You feel very sick.
The centaur hits you with a +2 scythe of venom.
* * * LOW HITPOINT WARNING * * *
You are more poisoned.
The centaur kicks you but does no damage.
You hit the centaur.
The centaur looks as sick as possible!
You bite the centaur, but do no damage.
The centaur is almost dead.
* * * LOW HITPOINT WARNING * * *
You feel very sick.
You kill the centaur!
Lugonu accepts your kill.
You die...

## ## ####.# .# # #
.....###. .#
..##..#.##.## ..##
......#.##..##
#...# #.....##).##
#.....
#.....))..###.....#
#
#...####...........
.# #...#
###.@###... ..#
##.## #.$#
#..###..# #.##
#......# #.#
##..##...# #.#
##.#####).# ...
#..# #....##. ##.##
..## ....# ##


There were no monsters in sight!

Vanquished Creatures
  Grinder (D:4)
  A vampire mosquito (D:5)
  An orc warrior (D:9)
  A necrophage (D:8)
  2 ogres (D:5)
  3 centaurs
  6 hounds
  A gnoll shaman (D:5)
  A jelly (D:5)
  3 orc priests
  A bullfrog skeleton (D:4)
  2 iguanas
  Natasha (thrice) (D:2 D:1)
  4 orc wizards
  A mummy (D:8)
  11 gnolls
  7 adders
  2 worms
  4 dart slugs
  19 orcs
  6 ball pythons
  4 endoplasms
  3 giant cockroaches
  9 goblins
  7 hobgoblins
  6 jackals (D:3)
  4 quokkas
  5 bats
  6 frilled lizards
  3 kobolds
  6 rats
133 creatures vanquished.

Vanquished Creatures (collateral kills)
  A goblin (D:2)
1 creature vanquished.

Vanquished Creatures (others)
  A gnoll (D:5)
  3 plants
  A withered plant (D:8)
5 creatures vanquished.

Grand Total: 139 creatures vanquished

Notes
Turn   | Place    | Note
-------+----------+-------------------------------------------
     0 | Abyss:1  | Gargoyl the Gnoll Abyssal Knight began the quest for the
                  | Orb.
     0 | Abyss:1  | Reached XP level 1. HP: 23/23 MP: 3/3
     0 | Abyss:1  | Noticed a very large slime creature
     0 | Abyss:1  | Noticed a starcursed mass
     1 | Abyss:1  | Found a corrupted altar of Lugonu.
     4 | Abyss:1  | Noticed a shadow demon
     4 | Abyss:1  | Noticed a shadow demon
     5 | Abyss:1  | Noticed a thrashing horror
     5 | Abyss:1  | Noticed a thrashing horror
     6 | Abyss:1  | HP: 1/23 [shadow demon (12)]
     7 | Abyss:1  | Noticed a large abomination
     7 | D:1      | Escaped the Abyss
   398 | D:1      | Reached * piety under Lugonu
   403 | D:1      | Reached XP level 2. HP: 29/29 MP: 5/5
   423 | D:1      | Found a faded altar of an unknown god.
  1149 | D:1      | Reached XP level 3. HP: 25/35 MP: 6/6
  2075 | D:2      | Noticed Natasha
  2102 | D:2      | Reached skill level 1 in Short Blades
  2102 | D:2      | Reached skill level 1 in Long Blades
  2102 | D:2      | Reached skill level 1 in Maces & Flails
  2102 | D:2      | Reached skill level 1 in Polearms
  2102 | D:2      | Reached skill level 1 in Staves
  2102 | D:2      | Reached skill level 1 in Slings
  2102 | D:2      | Reached skill level 1 in Bows
  2102 | D:2      | Reached skill level 1 in Crossbows
  2102 | D:2      | Reached skill level 1 in Throwing
  2102 | D:2      | Reached skill level 1 in Stealth
  2102 | D:2      | Reached skill level 1 in Shields
  2102 | D:2      | Reached skill level 1 in Unarmed Combat
  2102 | D:2      | Reached skill level 1 in Spellcasting
  2102 | D:2      | Reached skill level 1 in Evocations
  2110 | D:2      | Reached XP level 4. HP: 25/41 MP: 7/7
  2125 | D:2      | Killed Natasha
  2276 | D:2      | Noticed Natasha
  2288 | D:2      | Killed Natasha
  2289 | D:2      | Reached skill level 1 in Conjurations
  2289 | D:2      | Reached skill level 1 in Hexes
  2289 | D:2      | Reached skill level 1 in Summonings
  2289 | D:2      | Reached skill level 1 in Necromancy
  2289 | D:2      | Reached skill level 1 in Translocations
  2289 | D:2      | Reached skill level 1 in Transmutations
  2289 | D:2      | Reached skill level 1 in Fire Magic
  2289 | D:2      | Reached skill level 1 in Ice Magic
  2289 | D:2      | Reached skill level 1 in Air Magic
  2289 | D:2      | Reached skill level 1 in Earth Magic
  2289 | D:2      | Reached skill level 1 in Poison Magic
  2297 | D:2      | Noticed Natasha
  2585 | D:1      | Killed Natasha
  2586 | D:1      | Reached XP level 5. HP: 42/47 MP: 8/8
  2770 | D:3      | Found Ytil's Antique Armour Emporium.
  3498 | D:3      | Reached ** piety under Lugonu
  3506 | D:3      | Reached skill level 5 in Invocations
  3685 | D:3      | Reached XP level 6. HP: 45/53 MP: 9/9
  4012 | D:4      | Found a staircase to the Ecumenical Temple.
  4051 | D:4      | Found a hazy altar of Hepliaklqana.
  4070 | D:4      | Found a shimmering altar of Xom.
  4093 | D:4      | Reached skill level 5 in Axes
  4093 | D:4      | Reached skill level 5 in Armour
  4479 | D:4      | Noticed Grinder
  4497 | D:4      | Paralysed by Grinder for 2 turns
  4507 | D:4      | Killed Grinder
  4508 | D:4      | Reached skill level 7 in Fighting
  4508 | D:4      | Reached XP level 7. HP: 38/60 MP: 9/11
  5477 | D:5      | Entered Level 5 of the Dungeon
  5733 | D:5      | Reached *** piety under Lugonu
  5914 | D:5      | Reached XP level 8. HP: 21/67 MP: 12/12
  6149 | D:5      | Found a stormy altar of Qazlal.
  6441 | D:5      | Found a blossoming altar of Fedhas.
  6577 | D:5      | HP: 1/67 [gnoll (5)]
  7353 | D:5      | Found an opulent altar of Gozag.
  7353 | D:5      | Found a broken altar of Ashenzari.
  7418 | D:5      | You fall into a shaft and drop 3 floors!
  7491 | D:8      | Noticed Psyche
  7517 | D:8      | Cast into level 1 of the Abyss (Psyche)
  7676 | Abyss:1  | Noticed a wretched star
  7677 | D:8      | Escaped the Abyss
  7844 | D:9      | Reached skill level 5 in Dodging
  7844 | D:9      | Reached XP level 9. HP: 14/72 MP: 14/14
  7983 | D:9      | HP: 1/72 [poisoned by a centaur]
  7984 | D:9      | Succumbed to a centaur's poison

Illustrated notes

Levels and vault maps discovered:
D:1:      minmay_arrival_hallway, layout_loops_ring,
          ebering_ecumenical_altar_abandoned, minmay_split_cup_large
D:2:      layout_rooms, serial_forest, infiniplex_forest_lined_room_3,
          infiniplex_forest_clump_small, infiniplex_forest_lined_2,
          infiniplex_forest_straight_4, infiniplex_forest_lined_corner,
          infiniplex_forest_straight_2, infiniplex_forest_lined_corner,
          infiniplex_forest_clump_small, infiniplex_forest_straight_1,
          infiniplex_forest_end_double, uniq_natasha
D:3:      layout_rooms, nicolae_overflow_hidden_temple, serial_shops,
          nicolae_shop_behind_doors, minmay_puff
D:4:      layout_loops_ring, nicolae_hepliaklqana_hazy_memory, tgw_xom,
          temple_doors_e, uniq_grinder
D:5:      layout_basic, nicolae_vehumet_altar_sigil, overflow_temple_1_default,
          nicolae_qazlal_scattered_showers, mainiacjoe_overflow_divided_tiny,
          st_stairs_2, grunt_ministairs_6, minmay_manual_mess
D:8:      layout_loops_ring, mainiacjoe_overflow_surrounded_room, serial_undead,
          serial_undead_e, serial_undead_a, serial_undead_d, serial_undead_e,
          uniq_psyche
D:9:      layout_layer_cave, lightli_temple_of_fire, dpeg_lair_monsters,
          uniq_maggie

Skill      XL: |  1  2  3  4  5  6  7  8 |
---------------+-------------------------+-----
Short Blades   | 1 2 3 |  3.9
Long Blades    | 1 2 3 |  3.9
Maces & Flails | 1 2 3 |  3.9
Polearms       | 1 2 3 |  3.9
Staves         | 1 2 3 |  3.9
Slings         | 1 2 3 |  3.9
Bows           | 1 2 3 |  3.9
Crossbows      | 1 2 3 |  3.9
Throwing       | 1 2 3 |  3.9
Stealth        | 1 2 3 |  3.9
Shields        | 1 2 3 |  3.9
Unarmed Combat | 1 2 3 |  3.9
Spellcasting   | 1 2 3 |  3.9
Evocations     | 1 2 3 |  3.9
Conjurations   | 1 2 3 |  3.2
Hexes          | 1 2 3 |  3.2
Summonings     | 1 2 3 |  3.2
Necromancy     | 1 2 3 |  3.2
Translocations | 1 2 3 |  3.2
Transmutations | 1 2 3 |  3.2
Fire Magic     | 1 2 3 |  3.2
Ice Magic      | 1 2 3 |  3.2
Air Magic      | 1 2 3 |  3.2
Earth Magic    | 1 2 3 |  3.2
Poison Magic   | 1 2 3 |  3.2
Dodging        | 3 5 |  5.1
Invocations    | 5 6 |  6.3
Axes           | 5 6 |  6.1
Armour         | 5 6 |  6.1
Fighting       | 7 |  7.7

Action                   |  1- 3 |  4- 6 |  7- 9 || total
-------------------------+-------+-------+-------++-------
Melee: Hand axe          |    78 |       |    16 ||    94
       Bite              |    10 |    19 |    42 ||    71
       Dagger            |    30 |   220 |   347 ||   597
       Unarmed           |       |     7 |       ||     7
       Punch             |       |     1 |     4 ||     5
Throw: Dart              |       |       |     2 ||     2
Invok: Depart the Abyss  |     1 |       |     1 ||     2
  Use: Scroll            |     3 |     5 |     2 ||    10
       Potion            |       |     2 |     9 ||    11
Armor: Chain mail        |    84 |   163 |   176 ||   423
       Leather armour    |     1 |       |       ||     1
Dodge: Dodged            |    44 |    67 |   103 ||   214

Table legend: (Time is in decaauts)
 A = Elapsed time spent in this place.
 B = Non-inter-level travel time spent in this place.
 C = Inter-level travel time spent in this place.
 D = Time resting spent in this place.
 E = Time spent auto-exploring this place.
 F = Levels seen in this place.
 G = Mean time per level.
                   A        B        C        D        E       F      G
               +--------+--------+--------+--------+--------+-----+--------+
         Total |   7959 |   7669 |    290 |   1244 |   4883 |   9 |  884.3 |
       Dungeon |   7794 |   7504 |    290 |   1244 |   4731 |   7 | 1113.4 |
         Abyss |    165 |    165 |      0 |      0 |    152 |   2 |   82.5 |
               +--------+--------+--------+--------+--------+-----+--------+

Top non-repeatable levels by time:
     D:5: 1914 daAuts
     D:1: 1712 daAuts
     D:2: 1429 daAuts
     D:4: 1283 daAuts
     D:3: 1062 daAuts
     D:9: 292 daAuts
 Abyss:1: 165 daAuts
     D:8: 98 daAuts
